Map: Romanticide LE

Players

TreNrod - Winner!

  • Race: Zerg Zerg
  • League: Diamond
  • Spawn Location: 11:00

Massa

  • Race: Terran Terran
  • League: Platinum
  • Spawn Location: 5:00

VOD

Have the link to the VOD?

Description

Time

  • Played on: Jan. 17, 2021, 12:57 p.m.
  • Length: 9:47
Show
View Real Time Build Order
Export as new Build Order

TreNrod Zerg - Winner!

Build Orders: Hatch First 

Get SALT Encoding   

  12  0:00  Drone  
  13  0:13  Overlord  
  13  0:18  Drone  
  14  0:31  Drone x2  
  16  0:35  Drone  
  17  0:45  Drone  
  18  0:55  Hatchery  
  17  1:00  Extractor, Drone  
  17  1:14  Spawning Pool  
  17  1:16  Drone  
  17  1:21  Drone  
  18  1:28  Drone  
  19  1:39  Overlord  
  19  2:01  Metabolic Boost  
  19  2:02  Zergling x2  
  19  2:03  Zergling x2  
  19  2:07  Queen x2  
  25  2:09  Drone  
  25  2:12  Drone  
  27  2:19  Drone  
  27  2:22  Drone  
  29  2:33  Drone x2  
  31  2:40  Drone  
  31  2:43  Drone  
  33  2:50  Overlord  
  33  3:02  Drone x2  
  35  3:06  Baneling Nest  
  35  3:09  Drone, Lair  
  35  3:22  Zergling x2  
  35  3:25  Overlord x2  
  35  3:43  Zergling x12  
  35  3:46  Queen  
  43  3:57  Zergling x8  
  42  4:10  Zergling x2  
  42  4:11  Zergling x6  
  44  4:21  Queen  
  45  4:28  Zergling x12  
  51  4:31  Overlord x2  
  49  5:01  Zergling x12  
  49  5:21  Spore Crawler x2  
  44  5:23  Spore Crawler  
  44  5:26  Spore Crawler  
  39  5:31  Overseer  
  39  5:49  Drone x4  
  45  5:50  Drone x5  
  44  5:58  Extractor  
  44  6:00  Extractor  
  42  6:13  Extractor  
  42  6:15  Hydralisk Den  
  42  6:16  Drone  
  42  6:17  Drone x4, Infestation Pit  
  44  6:29  Zergling x2  
  44  6:30  Zergling x12  
  51  6:36  Hatchery  
  51  6:38  Drone x2  
  48  7:23  Spore Crawler  
  47  7:31  Baneling x4  
  47  7:32  Baneling x14  
  46  7:43  Hydralisk x7  
  46  7:44  Hydralisk x3  
  58  8:12  Hydralisk  
  58  8:13  Hydralisk x3  
  58  8:14  Hydralisk  
  67  8:21  Overseer  
  67  8:29  Zergling x2  
  67  8:31  Overlord x4  
  68  8:43  Hatchery  
  68  8:44  Drone, Overlord x3  
  68  8:55  Spore Crawler  
  68  8:57  Zergling x4  
  68  8:58  Zergling x8  
Show
View Real Time Build Order
Export as new Build Order

Massa Terran 

Build Orders: Hellion Banshee 

Get SALT Encoding   

  12  0:00  SCV  
  13  0:12  SCV  
  14  0:18  Supply Depot  
  14  0:24  SCV  
  15  0:42  Refinery  
  15  0:43  Barracks  
  15  0:49  SCV  
  16  1:01  SCV  
  17  1:13  SCV  
  18  1:25  SCV  
  19  1:38  Barracks Reactor  
  19  1:40  Command Center  
  19  1:47  Orbital Command  
  19  2:09  Supply Depot  
  19  2:11  Factory  
  19  2:14  Marine x2  
  21  2:20  SCV  
  22  2:32  Marine x2  
  24  2:37  Supply Depot  
  24  2:50  Marine x2  
  26  2:57  Hellion  
  28  3:00  Orbital Command  
  28  3:02  SCV  
  29  3:11  Starport  
  29  3:14  SCV  
  30  3:42  Hellion x2  
  30  3:46  SCV x2  
  36  3:50  Barracks Tech Lab  
  36  3:51  Starport Tech Lab  
  36  3:58  SCV x2  
  37  4:10  SCV x2  
  32  4:22  SCV x2, Hellion x2  
  36  4:31  Banshee  
  36  4:33  Marine  
  36  4:35  SCV x2  
  40  4:46  Hellion  
  40  4:47  SCV x2, Hellion  
  40  4:51  Marine  
  38  5:08  Marine  
  38  5:11  SCV x2  
  28  5:14  Banshee  
  28  5:15  Supply Depot  
  26  5:23  SCV x2  
  26  5:24  Hellion x2  
  26  5:26  Marine  
  33  5:28  Cloaking Field  
  33  5:35  SCV x2  
  34  5:44  Marine  
  34  5:45  Hellion  
  34  5:46  Hellion  
  34  5:47  SCV  
  36  5:58  Banshee  
  36  6:00  SCV x2  
  36  6:02  Marine  
  42  6:12  SCV x2  
  44  6:21  Marine  
  44  6:24  SCV  
  46  6:33  Supply Depot  
  46  6:35  Supply Depot  
  46  6:55  SCV x2, Marine  
  46  6:56  Supply Depot  
  46  7:00  Supply Depot  
  49  7:07  SCV  
  44  7:19  Marine  
  45  7:24  Engineering Bay  
  45  7:37  Marine  
  46  7:48  SCV x2  
  46  7:50  Medivac  
  50  7:54  Marine  
  44  8:00  SCV  
  37  8:12  Marine  
  37  8:15  Factory Tech Lab  
  37  8:17  Supply Depot  
  37  8:19  SCV x2  
  39  8:20  Medivac  
  39  8:26  Command Center  
  41  8:30  Refinery, Marine, Command Center  
  41  8:31  SCV  
  41  8:32  SCV  
  41  8:33  Factory  
  44  8:35  Factory  
  44  8:43  SCV  
  44  8:48  Marine  
  45  8:53  Medivac  
  48  9:04  SCV x2, Barracks  
  48  9:05  Barracks x2  
  50  9:16  SCV x2  
  51  9:25  Widow Mine x2  
Tags
 
Composition
Hellion Banshee
Matchup
TvZ
Replay Pack
Multiplayer
Spawn Locations
Cross Positions
Add a new tag
Caveats
  • Supply blocks, unpowered buildings, or Contaminate may cause inaccurate times.
  • Supply counts are checked every 10 seconds.